 Dungeon Crawl Stone Soup version 0.20-a0-277-g7db01f4 (webtiles) character file.

8714 Da5id the Severer (level 11, 0/88 HPs)
             Began as a Deep Dwarf Fighter on Dec 13, 2016.
             Was an Elder of Makhleb.
             Slain by a skeletal warrior
             ... wielding a +0 dire flail
              (17 damage)
             ... on level 11 of the Dungeon.
             The game lasted 00:16:15 (8915 turns).

Da5id the Severer (Deep Dwarf Fighter)              Turns: 8915, Time: 00:16:16

Health: 0/88       AC: 18    Str: 22    XL:     11   Next: 13%
Magic:  16/16      EV: 10    Int: 10    God:    Makhleb [****..]
Gold:   534        SH:  5    Dex: 15    Spells: 10/10 levels left

rFire  + + .     SeeInvis .     M - +6 war axe (flame)
rCold  . . .     Gourm    .     R - +4 ring mail of Hedonism {rCorr Dex+3 Slay+2}
rNeg   . . .     Faith    .     g - +0 buckler
rPois  .         Spirit   .     x - +2 helmet
rElec  .         Reflect  .     c - +2 cloak {MR+}
rCorr  +         Harm     .     C - +1 pair of gloves
MR     ++...                    (no boots)
Stlth  +.........               (no amulet)
                                y - ring of protection from fire
                                r - ring of protection from fire

@: non-regenerating
A: damage resistance, recharge devices, sense surroundings 2, slow regeneration
3
a: Device Recharging, Minor Destruction, Lesser Servant of Makhleb, Major
Destruction, Renounce Religion


You were on level 11 of the Dungeon.
You worshipped Makhleb.
Makhleb was greatly pleased with you.
You were not hungry.

You visited 2 branches of the dungeon, and saw 12 of its levels.
You also visited: Sewer and Ossuary.

You collected 534 gold pieces.

Inventory:

Hand Weapons
 M - a +6 war axe of flaming (weapon)
Armour
 c - a +2 cloak of magic resistance (worn)
 g - a +0 buckler (worn)
 o - a +0 plate armour
 x - a +2 helmet (worn)
 C - a +1 pair of gloves (worn)
 R - the +4 ring mail of Hedonism (worn) {rCorr Dex+3 Slay+2}
   (You found it on level 9 of the Dungeon)

   It affects your dexterity (+3).
   It affects your accuracy and damage with ranged weapons and melee attacks
   (+2).
   It protects you from acid and corrosion.
Jewellery
 q - an uncursed ring of resist corrosion
 r - a ring of protection from fire (left hand)
 y - a ring of protection from fire (right hand)
 D - an uncursed ring of positive energy
 J - an uncursed ring of stealth
Wands
 a - a wand of disintegration (10/24)
 e - a wand of heal wounds (0/9)
 G - a wand of random effects (26/48)
 L - a wand of digging (11/24)
 O - a wand of polymorph (18/24)
 S - a wand of acid (3/15)
 V - a wand of flame (23/48)
 W - a wand of polymorph (8/24)
 X - a wand of acid (5/15)
Scrolls
 i - 4 scrolls of remove curse
 l - 3 scrolls of magic mapping
 m - a scroll of recharging
 u - 3 scrolls of holy word
 A - 3 scrolls of teleportation
 B - a scroll of identify
 F - a scroll of amnesia
 N - a scroll of summoning {unknown}
 Q - a scroll of noise {unknown}
Potions
 b - 2 potions of ambrosia {unknown}
 d - 2 potions of might
 j - a potion of berserk rage {unknown}
 n - 7 potions of curing {unknown}
 p - 2 potions of flight {unknown}
 s - a potion of heal wounds {unknown}
 v - 4 potions of mutation
 w - 5 potions of lignification
 E - 2 potions of haste {unknown}
 H - 2 potions of cure mutation
 K - a potion of resistance {unknown}
 T - a potion of brilliance {unknown}
Miscellaneous
 t - a fan of gales
 U - a phial of floods
Comestibles
 f - 11 bread rations
 h - 10 beef jerkies
 k - 4 meat rations
 z - 2 royal jellies
 I - 8 fruits
 P - 12 chunks of flesh


   Skills:
 - Level 2.6 Fighting
 + Level 15.9 Axes
 - Level 3.2 Armour
 - Level 3.2 Shields
 - Level 10.2 Invocations


You had 10 spell levels left.
You didn't know any spells.

Dungeon Overview and Level Annotations

Branches:
Dungeon (11/15)            Temple (1/1) D:4             Orc (0/2) D:9
   Lair: D:8-11

Altars:
Ashenzari
Cheibriados
Elyvilon
Fedhas
Gozag
Kikubaaqudgha
Makhleb
Nemelex Xobeh
Okawaru
Ru
Sif Muna
Trog
Uskayaw
Xom
Yredelemnul
Zin
The Shining One
Beogh


Innate Abilities, Weirdness & Mutations

You are resistant to damage.
You can recharge devices by infusing magical energy.
You passively map the area around you.
You do not regenerate.


Message History

The skeletal warrior throws a stone.
The stone hits you!
You see here a stone.
The skeletal warrior throws a stone.
The stone completely misses you.
The skeletal warrior hits you with a dire flail!
* * * LOW HITPOINT WARNING * * *
You closely miss the skeletal warrior.
The skeletal warrior hits you but does no damage.
You hit the skeletal warrior but do no damage.
You closely miss the skeletal warrior.
The skeletal warrior hits you with a dire flail.
You hit the skeletal warrior. You burn the skeletal warrior.
The skeletal warrior is lightly damaged.
The skeletal warrior hits you with a dire flail!
* * * LOW HITPOINT WARNING * * *
You slice the skeletal warrior!! You burn the skeletal warrior.
The skeletal warrior is heavily damaged.
You hit the skeletal warrior. You burn the skeletal warrior.
The skeletal warrior is heavily damaged.
The skeletal warrior hits you with a dire flail!!
You die...

.....# * .$$......#.# *,
.....# ,* ,........z#.# ,
.....# .........#<# ,*
.....# ,...........# ** *
.....# , , ...........#
...).##### #######....#
,,
.).####..#######...(....#
, ...#
#..........z####..# ,
...# #..........@# #..# ,
, ...# #...#####...# #..#
, ...# #...# #..(# #... ,
* , ...# #...# #..(#
,...,, * ..<# #...# #...#
* ,###* ..÷# #...# #.(.#
*,, , * * ...# #...#
#..(# ,, ..÷# #...# #...#
* * ...# #...# #...#


You could see a skeletal warrior.

Vanquished Creatures
  A hydra (D:11)
  2 death knights (D:11)
  The ghost of shinino the Cleaver, a novice MiBe of Trog (D:7)
  Maurice (D:8)
  A kobold demonologist (D:11)
  A two-headed ogre (D:8)
  2 trolls (D:10)
  The ghost of jac the Magician, an amateur DsWz (Ossuary)
  A warg (D:11)
  A water moccasin (D:9)
  8 orc warriors
  2 black bears
  3 phantoms
  2 centaurs
  A sky beast (D:8)
  4 ogres
  A big kobold (D:7)
  7 bullfrogs
  3 scorpions
  9 wights
  18 killer bees
  3 crimson imps
  3 howler monkeys
  6 centaur zombies
  8 hounds
  14 orc priests
  A jelly (D:5)
  9 orc wizards
  Jessica (D:2)
  Terence (D:3)
  6 iguanas
  3 worker ants
  A killer bee zombie (D:8)
  A big kobold zombie (Ossuary)
  4 mummies (Ossuary)
  6 gnolls
  8 adders
  A howler monkey skeleton (D:5)
  2 shadow imps
  An ooze (D:3)
  An adder zombie (D:6)
  An adder skeleton (D:5)
  5 worms
  2 dart slugs (D:2)
  4 leopard geckos
  51 orcs
  3 bats
  10 giant cockroaches
  8 goblins
  10 hobgoblins
  18 jackals
  19 kobolds
  4 quokkas
  7 ball pythons
  11 frilled lizards
  5 hobgoblin zombies (Ossuary)
  A leopard gecko skeleton (D:5)
  5 rats
314 creatures vanquished.

Notes
Turn   | Place    | Note
-------+----------+-------------------------------------------
     0 | D:1      | Da5id the Deep Dwarf Fighter began the quest for the Orb.
     0 | D:1      | Reached XP level 1. HP: 20/20 MP: 1/1
   129 | D:1      | Reached skill level 3 in Axes
   129 | D:1      | Reached XP level 2. HP: 27/27 MP: 2/2
   295 | D:1      | Reached XP level 3. HP: 17/33 MP: 3/3
   324 | D:1      | Reached skill level 4 in Axes
   411 | D:1      | Found a sparkling altar of Nemelex Xobeh.
   608 | D:2      | Reached XP level 4. HP: 37/40 MP: 4/4
   693 | D:2      | Found a white marble altar of Elyvilon.
   700 | D:2      | Reached skill level 5 in Axes
   820 | D:2      | Noticed Jessica
   826 | D:2      | Killed Jessica
   826 | D:2      | Reached XP level 5. HP: 27/46 MP: 5/5
   897 | D:2      | Found a basalt altar of Yredelemnul.
  1055 | D:3      | Found a shattered altar of Ashenzari.
  1064 | D:3      | Noticed Terence
  1072 | D:3      | Reached skill level 6 in Axes
  1081 | D:3      | Killed Terence
  1097 | D:3      | Reached skill level 7 in Axes
  1097 | D:3      | Reached XP level 6. HP: 36/55 MP: 6/6
  1584 | D:3      | Found an opulent altar of Gozag.
  1949 | D:3      | Found a blossoming altar of Fedhas.
  2679 | D:4      | Found a staircase to the Ecumenical Temple.
  2727 | D:4      | Found a glowing drain.
  2750 | Sewer    | Entered a sewer
  2942 | Sewer    | Reached skill level 8 in Axes
  2950 | Sewer    | Reached XP level 7. HP: 26/61 MP: 6/6
  3142 | D:4      | Reached skill level 9 in Axes
  3436 | D:5      | Entered Level 5 of the Dungeon
  3480 | Temple   | Entered the Ecumenical Temple
  3544 | Temple   | Became a worshipper of Makhleb the Destroyer
  3777 | D:5      | Reached skill level 10 in Axes
  3995 | D:6      | Reached XP level 8. HP: 49/68 MP: 6/6
  4054 | D:6      | Reached skill level 11 in Axes
  4513 | D:6      | Reached * piety under Makhleb
  4602 | D:6      | Found an ancient bone altar of Kikubaaqudgha.
  4603 | D:6      | Found a snail-covered altar of Cheibriados.
  5155 | D:7      | Noticed shinino's ghost (novice MiBe)
  5167 | D:7      | Killed shinino's ghost
  5167 | D:7      | Reached skill level 12 in Axes
  5167 | D:7      | Gained mutation: You passively map the area around you. [Deep Dwarf growth]
  5167 | D:7      | Reached XP level 9. HP: 43/74 MP: 7/7
  5292 | D:7      | Reached skill level 13 in Axes
  5443 | D:7      | Reached ** piety under Makhleb
  5466 | D:7      | Got a smoking trident
  5689 | D:7      | Identified the +3 trident of Conformity {pain, -Tele *Rage rElec rPois Stlth+} (You found it on level 7 of the Dungeon)
  5741 | D:8      | Reached skill level 1 in Invocations
  5992 | D:8      | Reached skill level 14 in Axes
  6085 | D:8      | Found a sand-covered staircase.
  6103 | Ossuary  | Entered an ossuary
  6119 | Ossuary  | Noticed jac's ghost (amateur DsWz)
  6126 | Ossuary  | Killed jac's ghost
  6126 | Ossuary  | Reached skill level 5 in Invocations
  6133 | Ossuary  | Reached *** piety under Makhleb
  6500 | D:8      | Reached XP level 10. HP: 81/81 MP: 12/12
  6514 | D:8      | Got an opalescent robe
  6533 | D:8      | Noticed Maurice
  6549 | D:8      | Killed Maurice
  6565 | D:8      | Identified the +1 robe of Polish {*Slow Int+6} (You found it on level 8 of the Dungeon)
  6680 | D:8      | Found a glowing golden altar of the Shining One.
  7246 | D:9      | Found a staircase to the Orcish Mines.
  7261 | D:9      | Found a roughly hewn altar of Beogh.
  7330 | D:9      | Got an encrusted ring mail
  7448 | D:9      | Reached skill level 15 in Axes
  7470 | D:9      | Identified the +4 ring mail of Hedonism {rCorr Dex+3 Slay+2} (You found it on level 9 of the Dungeon)
  7600 | D:10     | Entered Level 10 of the Dungeon
  7859 | D:10     | Reached **** piety under Makhleb
  8471 | D:11     | Noticed a manticore
  8472 | D:11     | Noticed a skeletal warrior
  8705 | D:11     | Noticed an eight-headed hydra
  8714 | D:11     | Killed a three-headed hydra
  8714 | D:11     | Reached skill level 10 in Invocations
  8714 | D:11     | Reached XP level 11. HP: 37/88 MP: 16/16
  8842 | D:11     | Noticed a death knight
  8844 | D:11     | Noticed a death knight
  8853 | D:11     | Killed a death knight
  8861 | D:11     | Killed a death knight
  8896 | D:11     | Noticed a skeletal warrior
  8915 | D:11     | Slain by a skeletal warrior

Vault maps used:
D:1:      minmay_arrival_doors, nemelex_diamond_rough_becter
D:2:      lemuel_coloured_pillars_altar, elyvilon_altar_5, uniq_jessica
D:3:      chequers_temple_overflow_statue_of_worship, fedhas_altar_2,
          uniq_terence
D:4:      gup_sewer_entry_glass, serial_bayou_lake_a
D:5:      first_bread
D:6:      corexii_shack_village, gammafunk_temple_overflow_pools, hex_tiny
D:8:      tso_oasis_becter, nicolae_ossuary_entry_monument, grunt_ogre_cave,
          uniq_maurice
D:9:      minmay_orc_entry_temple_large, roderic_lattice_a
D:11:     cheibrodos_tormentor_scu, erik_lair_orcish_takeover, uniq_erolcha
Temple:   dshaligram_water_room_temple
Sewer:    sewer_frog_island_01
Ossuary:  ossuary_the_hunt_dpeg

Skill      XL: |  1  2  3  4  5  6  7  8  9 10 |
---------------+-------------------------------+-----
Axes           | 3 4 5 7 8 10 12 14 15 | 15.9
Invocations    | 5 10 | 10.2
Fighting       | |  2.6
Armour         | |  3.2
Shields        | |  3.2

Action                   |  1- 3 |  4- 6 |  7- 9 | 10-12 || total
-------------------------+-------+-------+-------+-------++-------
Melee: War axe           |    82 |   193 |   321 |   211 ||   807
 Abil: Device Recharging |       |     1 |     1 |       ||     2
Evoke: Wand              |     2 |     4 |     7 |     4 ||    17
  Use: Scroll            |       |     1 |    17 |     2 ||    20
       Potion            |       |       |     1 |       ||     1
  Eat: Chunk             |       |     7 |    11 |     8 ||    26
Armor: Scale mail        |    27 |    46 |       |       ||    73
       Chain mail        |       |    57 |    53 |       ||   110
       Plate armour      |       |       |   114 |    60 ||   174
       Ring mail         |       |       |       |    56 ||    56
Dodge: Dodged            |    39 |    81 |    89 |    67 ||   276
Block: Buckler           |    26 |    49 |    52 |    40 ||   167
       Shield            |     1 |       |       |       ||     1
